 Dungeon Crawl Stone Soup version 0.25.0-26-g0c896c7088 (webtiles) character file.

Game seed: 15577537391701056444

3243 Exodus22XD the Spear-Bearer (level 9, -1/68 HPs)
             Began as a Demonspawn Gladiator on July 4, 2020.
             Was a Follower of Uskayaw.
             Slain by a queen bee (7 damage)
             ... on level 8 of the Dungeon.
             The game lasted 00:11:58 (10545 turns).

Exodus22XD the Spear-Bearer (Demonspawn Gladiator) Turns: 10545, Time: 00:11:59

Health: -1/68      AC: 10    Str: 18    XL:     9   Next: 67%
Magic:  0/13       EV: 15    Int:  9    God:    Uskayaw [*.....]
Gold:   425        SH:  0    Dex: 15    Spells: 8/8 levels left

rFire    + . .     SeeInvis .   a - +1 trident
rCold    . . .     Gourm    .   (no shield)
rNeg     . . .     Faith    .   w - +2 leather armour {rPois}
rPois    +         Spirit   +   c - +1 helmet
rElec    .         Reflect  .   v - +0 cloak
rCorr    .         Harm     .   (no gloves)
MR       .....                  (boots unavailable)
Stlth    ++........             (no amulet)
HPRegen  0.21/turn              l - ring of stealth
MPRegen  0.13/turn              (no ring)

@: confused, lethally poisoned (-1 -> -9)
A: hooves 3, iridescent scales 1, fire resistance 1, magic shield
a: Stomp, Renounce Religion


You were on level 8 of the Dungeon.
You worshipped Uskayaw.
Uskayaw was noncommittal.
You were not hungry.

You visited 2 branches of the dungeon, and saw 9 of its levels.

You collected 425 gold pieces.

Inventory:

Hand Weapons
 a - a +1 trident (weapon)
 n - a +0 vorpal war axe
 u - a +2 quarterstaff of chaos
Missiles
 d - 3 throwing nets (quivered)
Armour
 c - a +1 helmet (worn)
 g - a +0 ring mail
 k - a +0 tower shield
 v - a +0 cloak (worn)
 w - a +2 leather armour of poison resistance (worn)
Jewellery
 l - a ring of stealth (left hand)
Wands
 b - a wand of flame (9)
 j - a wand of enslavement (11)
 o - a wand of acid (14)
 x - a wand of paralysis (8)
Scrolls
 e - a scroll of magic mapping
 h - 3 scrolls of enchant weapon
 m - 2 scrolls of amnesia
 p - 6 scrolls of teleportation
 q - 3 scrolls of fog
 r - 2 scrolls of enchant armour
 t - a scroll of fear
 y - a scroll of immolation
 A - a scroll of identify
Potions
 s - 2 potions of magic
 B - 2 potions of stabbing
 C - a potion of brilliance
Comestibles
 f - 6 rations


   Skills:
 + Level 5.2 Fighting
 + Level 8.0 Polearms
 - Level 1.7 Throwing
 + Level 3.7 Armour
 + Level 5.5 Dodging
 + Level 4.7 Stealth
 * Level 6.2 Invocations
 + Level 0.2 Evocations


You had 8 spell levels left.
You didn't know any spells.
Your spell library contained the following spells:

 Spells                   Type           Power        Failure   Level  Hunger
 Beastly Appendage        Tmut           #.....       43%         1    ##.....
 Summon Small Mammal      Summ           #...         43%         1    ##.....
 Call Imp                 Summ           #.......     58%         2    ###....
 Sticks to Snakes         Tmut           #.......     58%         2    ###....
 Call Canine Familiar     Summ           #.......     82%         3    ####...
 Spider Form              Tmut/Pois      #.........   82%         3    ####...
 Summon Guardian Golem    Hex/Summ       #.......     82%         3    ####...
 Ice Form                 Ice/Tmut       #.......     99%         4    #####..
 Summon Ice Beast         Ice/Summ       #.......     99%         4    #####..
 Summon Lightning Spire   Summ/Air       #.......     99%         4    #####..
 Blade Hands              Tmut           #.........   100%        5    ######.


Dungeon Overview and Level Annotations

Branches:
Dungeon (8/15)             Temple (1/1) D:5
   Lair: D:8-11

Altars:
Ashenzari
Cheibriados
Dithmenos
Elyvilon
Fedhas
Gozag
Kikubaaqudgha
Makhleb
Nemelex Xobeh
Okawaru
Qazlal
Ru
Trog
Uskayaw
Vehumet
Wu Jian
Xom
Yredelemnul
Zin
The Shining One

Shops:
D:4 =


Innate Abilities, Weirdness & Mutations

You have hooves in place of feet.
You are partially covered in iridescent scales. (AC +2)
Your flesh is heat resistant. (rF+)
When hurt, damage is shared between your health and your magic reserves.


Message History

* * * LOW HITPOINT WARNING * * *
The killer bee stings you but does no damage.
You're too confused to move!
* * * LOW HITPOINT WARNING * * *
You feel sick.
The killer bee buzzes angrily.
The killer bee barely misses you. The killer bee closely misses you.
The queen bee misses you. The killer bee stings you!
* * * LOW HITPOINT WARNING * * *
Your leather armour prevents you from hitting the queen bee.
You kick the queen bee, but do no damage.
The queen bee is lightly wounded.
* * * LOW HITPOINT WARNING * * *
You feel sick. The killer bee misses you. The killer bee completely misses you.
The queen bee barely misses you.
You bump into the rock wall.
You feel sick. The killer bee stings you!
* * * LOW HITPOINT WARNING * * *
The killer bee barely misses you. The killer bee stings you.
The queen bee stings you!
You die...

#..# #. ... ...# #.#
y.. ...y.. ... ..
#..... #y# .. #.....
#.# '# #y... #.# .#
###
#...####.#####.#....:
........yy@yy....#
..####.####.#####.####
............# !..
######.###### .### #.
.# #. .# .. .# .. ..
...


You could see a queen bee and 3 killer bees.

Vanquished Creatures
  Menkaure (D:7)
  A water moccasin (D:7)
  Duvessa (D:4)
  3 orc warriors
  3 sky beasts
  An ice beast (D:7)
  3 ogres
  A black bear (D:6)
  A phantom (D:6)
  4 centaurs
  A big kobold (D:7)
  A bullfrog (D:8)
  A wyvern zombie (D:7)
  Dowan (D:4)
  2 scorpions
  6 killer bees
  A howler monkey (D:4)
  A centaur zombie (D:5)
  3 crimson imps
  2 hounds
  Crazy Yiuf (D:4)
  An orc priest (D:8)
  4 orc wizards
  An iguana (D:7)
  Natasha (thrice) (D:2)
  3 worker ants
  A hound skeleton (D:7)
  A worker ant zombie (D:6)
  Robin (D:4)
  A howler monkey skeleton (D:7)
  9 adders
  2 shadow imps
  3 oozes
  An adder zombie (D:3)
  An adder skeleton (D:6)
  6 worms
  A dart slug (D:1)
  3 leopard geckos
  25 orcs
  4 ball pythons
  6 giant cockroaches
  16 goblins
  11 hobgoblins
  16 jackals
  6 quokkas
  7 bats
  5 frilled lizards
  A giant cockroach zombie (D:2)
  5 kobolds
  7 rats
190 creatures vanquished.

Notes
Turn   | Place    | Note
-------+----------+-------------------------------------------
     0 | D:1      | Exodus22XD the Demonspawn Gladiator began the quest for the
                  | Orb.
     0 | D:1      | Reached XP level 1. HP: 16/16 MP: 1/1
    80 | D:1      | Gained mutation: You are partially covered in iridescent
                  | scales. (AC +2) [demonic ancestry]
    80 | D:1      | Reached XP level 2. HP: 22/22 MP: 2/2
   334 | D:1      | Reached skill level 3 in Polearms
  1051 | D:2      | Reached XP level 3. HP: 23/27 MP: 3/3
  1236 | D:2      | Noticed Natasha
  1247 | D:2      | Killed Natasha
  1249 | D:2      | Gained mutation: You have large cloven feet. [demonic
                  | ancestry]
  1249 | D:2      | Reached XP level 4. HP: 15/34 MP: 4/4
  1438 | D:2      | Noticed Natasha
  1445 | D:2      | Killed Natasha
  1493 | D:2      | Noticed Natasha
  1506 | D:2      | Killed Natasha
  1754 | D:2      | Reached skill level 1 in Armour
  1761 | D:2      | Reached skill level 4 in Polearms
  1818 | D:2      | Gained mutation: Your flesh is heat resistant. (rF+)
                  | [demonic ancestry]
  1818 | D:2      | Reached XP level 5. HP: 39/39 MP: 5/5
  2530 | D:3      | Found a blossoming altar of Fedhas.
  2733 | D:3      | Found a glowing silver altar of Zin.
  2734 | D:3      | Found a shadowy altar of Dithmenos.
  3311 | D:4      | Noticed Dowan
  3312 | D:4      | Noticed Duvessa
  3324 | D:4      | HP: 1/41 [Duvessa/+0 short sword (4)]
  3330 | D:4      | Killed Dowan
  3330 | D:4      | Reached skill level 1 in Stealth
  3330 | D:4      | Gained mutation: You have hoof-like feet. [demonic
                  | ancestry]
  3330 | D:4      | Reached XP level 6. HP: 30/47 MP: 6/6
  3331 | D:4      | Killed Duvessa
  3929 | D:4      | Noticed Robin
  3959 | D:4      | Killed Robin
  4265 | D:4      | Found a runed translucent door.
  4266 | D:4      | Noticed Crazy Yiuf
  4281 | D:4      | Found Xeraus's Jewellery Shop.
  4485 | D:4      | Reached skill level 5 in Polearms
  4578 | D:4      | Gained mutation: You have hooves in place of feet. [demonic
                  | ancestry]
  4578 | D:4      | Reached XP level 7. HP: 51/52 MP: 7/7
  5045 | D:4      | Killed Crazy Yiuf
  5214 | D:5      | Entered Level 5 of the Dungeon
  5215 | D:5      | Found a staircase to the Ecumenical Temple.
  5330 | Temple   | Entered the Ecumenical Temple
  5566 | Temple   | Became a worshipper of Uskayaw the Reveler
  5690 | D:5      | Reached * piety under Uskayaw
  5694 | D:5      | Reached ** piety under Uskayaw
  5698 | D:5      | Reached *** piety under Uskayaw
  5699 | D:5      | Reached skill level 1 in Invocations
  6254 | D:5      | Gained mutation: When hurt, damage is shared between your
                  | health and your magic reserves. [demonic ancestry]
  6254 | D:5      | Reached XP level 8. HP: 60/60 MP: 9/9
  6444 | D:5      | Found a sparkling altar of Nemelex Xobeh.
  6770 | D:6      | Reached **** piety under Uskayaw
  6773 | D:6      | Reached skill level 6 in Polearms
  7289 | D:6      | Reached skill level 5 in Dodging
  8454 | D:7      | Reached XP level 9. HP: 57/66 MP: 12/12
  8460 | D:7      | Reached skill level 7 in Polearms
  8710 | D:7      | Noticed Menkaure
  8717 | D:7      | Killed Menkaure
  8717 | D:7      | Reached skill level 5 in Invocations
  9447 | D:7      | Reached skill level 5 in Fighting
 10356 | D:8      | Noticed a queen bee
 10362 | D:8      | Reached skill level 8 in Polearms
 10545 | D:8      | Slain by a queen bee

Illustrated notes

Levels and vault maps discovered:
D:1:      dpeg_arrival_pond, layout_basic, hangedman_decor_opposing
D:2:      layout_rooms, first_ration, kennysheep_generic_room_11, uniq_natasha
D:3:      layout_loops_cross, gammafunk_temple_overflow_pools, fedhas_altar_3
D:4:      layout_layer_cave, serial_shops, shop, minmay_door_square, hex_medium,
          uniq_duvessa, uniq_robin, uniq_crazy_yiuf_cottage
D:5:      layout_loops_ring, minmay_temple_entry_purple_smoke,
          nemelex_spade_bored_becter
D:6:      layout_basic, kennysheep_small_spiral
D:7:      layout_basic, serial_rivers, chequers_serial_rivers_room_b,
          chequers_serial_rivers_large_a, chequers_serial_rivers_micro_b,
          chequers_serial_rivers_room_b, chequers_serial_rivers_micro_d,
          chequers_serial_rivers_micro_d, uniq_menkaure
D:8:      minmay_flawed_box, layout_basic, kennysheep_little_box,
          lemuel_coloured_pillars_altar, serial_shops, shop, david_nohive_1,
          bloody_makhleb
Temple:   regret_index_temple_mists

Skill      XL: |  1  2  3  4  5  6  7  8  9 |
---------------+----------------------------+-----
Dodging        | 3 4 5 |  5.5
Polearms       | 3 4 5 6 8 |  8.0
Armour         | 1 2 3 |  3.7
Fighting       | 3 4 5 |  5.2
Stealth        | 1 2 3 4 |  4.7
Invocations    | 2 4 6 |  6.2
Throwing       | |  1.7
Evocations     | |  0.2

Action                   |  1- 3 |  4- 6 |  7- 9 || total
-------------------------+-------+-------+-------++-------
Melee: Trident           |   104 |   285 |   428 ||   817
       Kick              |       |    46 |   109 ||   155
Evoke: Wand              |       |     4 |       ||     4
  Use: Potion            |       |     5 |     2 ||     7
       Scroll            |       |     6 |     9 ||    15
 Stab: Sleeping          |     1 |     9 |    12 ||    22
       Paralysed         |       |       |    15 ||    15
  Eat: Chunk             |     1 |    10 |    17 ||    28
       Ration            |       |       |     1 ||     1
Armor: Ring mail         |    46 |    31 |       ||    77
       Leather armour    |       |    66 |   119 ||   185
       Skin              |       |   147 |       ||   147
Dodge: Dodged            |    58 |   240 |   249 ||   547
